 Dungeon Crawl Stone Soup version 0.31.0-32-g396128a36d (webtiles) character file.

Game seed: 11658475884716006776

2593 CrypticCrinoid the Cleaver (level 9, -30/79 HPs)
             Began as a Minotaur Berserker on Mar 26, 2024.
             Was an Elder of Trog.
             Annihilated by a boulder beetle (37 damage)
             ... on level 8 of the Dungeon on Mar 31, 2024.
             The game lasted 00:15:08 (6331 turns).

CrypticCrinoid the Cleaver (Minotaur Berserker)     Turns: 6331, Time: 00:15:08

Health: -30/79     AC: 16    Str: 25    XL:     9   Next: 33%
Magic:  8/8        EV:  7    Int:  4    God:    Trog [****..]
Gold:   227        SH: 10    Dex: 11    Spells: 8/8 levels left

rFire   . . .        w - +0 broad axe
rCold   . . .        u - +1 kite shield
rNeg    . . .        a - +0 plate armour
rPois   .            (helmet restricted)
rElec   .            (no cloak)
rCorr   +            x - +0 pair of gloves
SInv    .            A - +1 pair of boots
Will    .....        (no amulet) Stlth
                     v - ring of resist corrosion
HPRegen 0.33/turn    (no ring)
MPRegen 0.11/turn

%: no passive effects
@: on berserk cooldown, slowed, very slow
A: horns 2, retaliatory headbutt
a: Renounce Religion, Berserk, Trog's Hand, Brothers in Arms


You were on level 8 of the Dungeon.
You worshipped Trog.
Trog was greatly pleased with you.
You visited 1 branch of the dungeon, and saw 8 of its levels.

You collected 323 gold pieces.
You spent 96 gold pieces at shops.

Inventory:

Hand Weapons
 w - a +0 broad axe (weapon)
Missiles
 y - 2 throwing nets (quivered)
Armour
 a - a +0 plate armour (worn)
 n - a +2 buckler
 u - a +1 kite shield (worn)
 x - a +0 pair of gloves (worn)
 A - a +1 pair of boots (worn)
Jewellery
 v - a ring of resist corrosion (left hand)
Wands
 i - a wand of flame (23)
Scrolls
 e - a scroll of enchant weapon {unknown}
 f - a scroll of poison {unknown}
 g - a scroll of fear {unknown}
 k - 3 scrolls of teleportation
 l - a scroll of vulnerability {unknown}
 m - a scroll of silence {unknown}
 o - 2 scrolls of enchant armour
 r - a scroll of identify
 s - a scroll of amnesia
 t - a scroll of fog {unknown}
Potions
 b - a potion of degeneration {unknown}
 c - a potion of might {unknown}
 h - a potion of magic {unknown}
 j - a potion of heal wounds {unknown}
 p - a potion of haste {unknown}
 q - a potion of lignification {unknown}
 z - a potion of enlightenment {unknown}


   Skills:
 * Level 7.2 Fighting
 * Level 10.4 Axes
 * Level 7.1 Armour
 * Level 5.1 Dodging
 * Level 4.8 Shields


You had 8 spell levels left.
You didn't know any spells.
Your spell library was empty.

Dungeon Overview and Level Annotations

Branches:
Dungeon (8/15)             Temple (0/1) D:6
   Lair: D:8-11

Altars:
Gozag
Ru
Sif Muna
Trog
Wu Jian
The Shining One

Shops:
D:2 =   D:3 (   D:6 *


Innate Abilities, Weirdness & Mutations

You have a pair of horns on your head.
You reflexively headbutt those who attack you in melee.


Message History

The boulder beetle is heavily wounded.
You hit the komodo dragon.
Unknown command.
You hit the boulder beetle but do no damage.
The boulder beetle is heavily wounded.
You closely miss the komodo dragon. You block the boulder beetle's attack.
The komodo dragon bites you!!
* * * LOW HITPOINT WARNING * * *
You slice the boulder beetle!!
The boulder beetle is severely wounded.
You slash the komodo dragon! You block the boulder beetle's attack.
The komodo dragon barely misses you.
Unknown command.
You slice the boulder beetle!!
The boulder beetle is almost dead.
You hit the komodo dragon. You block the boulder beetle's attack.
The komodo dragon bites you but does no damage.
Unknown command.
You hit the boulder beetle but do no damage.
You headbutt the boulder beetle, but do no damage.
The boulder beetle is almost dead.
You slash the komodo dragon!
You are no longer berserk.
You are exhausted.
You feel yourself slow down.
The boulder beetle bites you but does no damage.
You block the komodo dragon's attack.
You feel better.
The boulder beetle leaps!
The komodo dragon bites you!
* * * LOW HITPOINT WARNING * * *
The boulder beetle curls into a ball and begins rolling!
The komodo dragon bites you but does no damage.
You completely miss the komodo dragon. You headbutt the komodo dragon.
The komodo dragon is almost dead.
The komodo dragon bites you but does no damage.
You hit the komodo dragon. You headbutt the komodo dragon.
You kill the komodo dragon!
Trog accepts your kill.
You can now call in reinforcements.
You hit the boulder beetle but do no damage.
The boulder beetle hits you!!!
You die...

...#... #..# .. ..#...
.#.##..# .# ....[
.......# #.#+ #..$
#.....######... .°.
..............
###°#####.###..##....
#...°.#.....#.##.....
...#.!.B)#..⌠..#..'.....
8.8...$@)..⌠⌠⌠..[##.....
...#.$.!.#..⌠..#.#...<..
8. #.....#.....#.#.##...
. ###.#####.###.#. ##..
... ......... #+ #..#
#..##..#.. ...# ....
#.... .#. ..#.. ####.
..#.


You could see a boulder beetle (rolling).

Vanquished Creatures
  A komodo dragon (D:8)
  2 steam dragons
  Duvessa (D:5)
  3 orc warriors
  A sky beast (D:7)
  3 black bears
  2 phantoms
  A kobold brigand (D:7)
  5 bullfrogs
  3 gnoll sergeants
  3 scorpions
  Dowan (D:5)
  2 howler monkeys
  A bombardier beetle (D:5)
  5 hounds
  An orc priest (D:6)
  2 iguanas
  3 orc wizards
  15 gnolls
  7 adders
  A white imp (D:6)
  11 dart slugs
  A ribbon worm (D:3)
  14 orcs
  9 endoplasms
  2 giant cockroaches (D:4)
  2 hobgoblins
  5 quokkas
  7 ball pythons
  6 bats
  6 frilled lizards
  8 goblins
  14 kobolds
  4 rats
152 creatures vanquished.

Notes
Turn   | Place    | Note
-------+----------+-------------------------------------------
     0 | D:1      | CrypticCrinoid the Minotaur Berserker began the quest for
                  | the Orb.
     0 | D:1      | Reached XP level 1. HP: 19/19 MP: 0/0
   243 | D:1      | Reached skill level 4 in Axes
   243 | D:1      | Reached XP level 2. HP: 27/27 MP: 1/1
   747 | D:1      | Reached ** piety under Trog
   863 | D:2      | Found Ubumazor's Jewellery Boutique.
   870 | D:2      | Reached XP level 3. HP: 33/33 MP: 2/2
  1275 | D:2      | Reached XP level 4. HP: 41/41 MP: 3/3
  1538 | D:3      | Reached skill level 5 in Axes
  1635 | D:3      | Found an ornate altar of the Wu Jian Council.
  1737 | D:3      | You fall into a shaft and drop 3 floors!
  1783 | D:6      | Noticed an orc warrior
  1787 | D:6      | Killed an orc warrior
  1788 | D:6      | Reached XP level 5. HP: 47/47 MP: 4/4
  1806 | D:6      | Found a staircase to the Ecumenical Temple.
  1831 | D:5      | Entered Level 5 of the Dungeon
  1870 | D:3      | Reached skill level 6 in Axes
  1990 | D:3      | Found Qozilieq's Antique Weapon Shoppe.
  2372 | D:4      | Found a shimmering blue altar of Sif Muna.
  2394 | D:4      | Found a sacrificial altar of Ru.
  2394 | D:4      | Found a glowing golden altar of the Shining One.
  2456 | D:4      | Noticed a phantom
  2465 | D:4      | Reached XP level 6. HP: 44/55 MP: 5/5
  2479 | D:4      | Reached skill level 5 in Fighting
  2560 | D:4      | Found an opulent altar of Gozag.
  2788 | D:5      | Reached skill level 7 in Axes
  2831 | D:5      | Reached skill level 1 in Shields
  2904 | D:5      | Reached XP level 7. HP: 52/61 MP: 6/6
  3099 | D:5      | Noticed Dowan
  3100 | D:5      | Noticed Duvessa
  3119 | D:5      | Killed Dowan
  3119 | D:5      | Killed Duvessa
  3119 | D:5      | Reached *** piety under Trog
  3120 | D:5      | Reached skill level 8 in Axes
  3273 | D:5      | Reached skill level 5 in Armour
  3898 | D:6      | Reached XP level 8. HP: 51/70 MP: 7/7
  4152 | D:6      | Found Zygusisa's Assorted Antiques.
  4167 | D:6      | Bought a broad axe for 96 gold pieces
  4496 | D:6      | Reached skill level 9 in Axes
  4698 | D:6      | Found a bloodstained altar of Trog.
  5347 | D:7      | Reached XP level 9. HP: 73/78 MP: 8/8
  5375 | D:7      | Reached skill level 10 in Axes
  5376 | D:7      | Reached skill level 5 in Dodging
  5386 | D:7      | HP: 2/78 [poisoned by a gnoll sergeant]
  6299 | D:8      | Noticed a boulder beetle
  6318 | D:8      | Noticed a komodo dragon
  6331 | D:8      | Killed a komodo dragon
  6331 | D:8      | Reached **** piety under Trog
  6331 | D:8      | Annihilated by a boulder beetle

Illustrated notes

Levels and vault maps discovered:
D:1:      nicolae_arrival_somewhat_less_tricky_arrival, layout_basic
D:2:      kennysheep_six_static_rooms, layout_rooms, serial_shops, shop,
          chequers_serial_rivers_small_b
D:3:      kennysheep_slugbush, layout_loops_ring, amcnicky_altar_gilded,
          serial_shops, shop, st_stairs_4
D:4:      layout_rooms, nicolae_sif_muna_condensation,
          mainiacjoe_overflow_paths, mainiacjoe_overflow_divided_tiny
D:5:      layout_cave_pods, uniq_duvessa
D:6:      layout_loops_corners, general_overflow_altar,
          minmay_temple_entry_drinking_statues, serial_shops,
          nicolae_shop_rolling_square
D:7:      layout_basic, hangedman_decor_slide_cut
D:8:      layout_loops_corners, lemuel_tele_altar, serial_shops,
          nicolae_shop_gibbet_a_chance, shop_fountains, nicolae_square_shop,
          shop, nicolae_shop_tiny_waterfront, minmay_chambers_of_fives

Skill      XL: |  1  2  3  4  5  6  7  8  9 |
---------------+----------------------------+-----
Axes           | 4 5 6 7 8 9 10 | 10.4
Fighting       | 4 5 6 7 |  7.2
Armour         | 3 4 5 6 7 |  7.1
Dodging        | 3 4 5 |  5.1
Shields        | 1 2 4 |  4.8

Action                     |  1- 3 |  4- 6 |  7- 9 || total
---------------------------+-------+-------+-------++-------
  Melee: Hand axe          |    79 |   124 |   107 ||   310
         Headbutt          |     7 |    14 |    37 ||    58
         Punch             |       |     1 |       ||     1
         Broad axe         |       |       |    91 ||    91
 Invoke: Berserk           |       |     2 |     6 ||     8
    Use: Scroll            |       |     2 |     2 ||     4
         Potion            |       |       |     2 ||     2
 Armour: Animal skin       |     8 |       |       ||     8
         Leather armour    |    40 |    15 |       ||    55
         Scale mail        |       |     2 |       ||     2
         Chain mail        |       |    67 |   111 ||   178
         Plate armour      |       |       |    77 ||    77
  Dodge: Dodged            |    60 |    69 |    70 ||   199
  Block: Buckler           |       |     5 |     7 ||    12
         Kite shield       |       |       |    89 ||    89
